 Dungeon Crawl Stone Soup version 0.28-a0-1235-g7c8fac35f0 (webtiles) character file.

Game seed: 8461458360935402588

4 ragingrage the Caller (level 1, -1/7 HPs)
             Began as a Felid Summoner on Dec 25, 2021.
             Slain by a jackal (3 damage)
             ... on level 1 of the Dungeon.
             The game lasted 00:00:26 (246 turns).

ragingrage the Caller (Felid Summoner)               Turns: 246, Time: 00:00:26

Health: -1/7       AC:  1    Str:  4    XL:     1   Next: 50%
Magic:  1/4        EV: 14    Int: 16    God:
Gold:   23         SH:  0    Dex: 16    Spells: 3/4 levels left
                                        Lives:  0   Deaths: 0

rFire   . . .      SeeInvis +   (weapon unavailable)
rCold   . . .      Faith    .   (shield unavailable)
rNeg    . . .      Spirit   .   (armour unavailable)
rPois   .          Reflect  .   (helmet unavailable)
rElec   .          Harm     .   (cloak unavailable)
rCorr   .          Rampage  .   (gloves unavailable)
Will    .....                   (boots unavailable)
Stlth   ++........              (no amulet)
HPRegen 0.02/turn               (no ring)
MPRegen 0.09/turn               (no ring)

@: constricted, quick
A: very small, claws 1, fangs 3, see invisible, speed 1, shaggy fur 1, stealthy
paws, no weapons or thrown items, no armour, multi-lived
a: no special abilities


You were on level 1 of the Dungeon.
You visited 1 branch of the dungeon, and saw 1 of its levels.

You collected 23 gold pieces.

Inventory:

Potions
 a - a potion of curing {unknown}
 b - a potion of resistance {unknown}


   Skills:
 - Level 2.6 Dodging
 - Level 2.6 Stealth
 + Level 2.1 Spellcasting
 + Level 4.1 Summonings


You had 3 spell levels left.
You knew the following spells:

 Your Spells              Type           Power      Damage    Failure   Level
a - Summon Small Mammal   Summ           56%        N/A       3%          1

Your spell library contained the following spells:

 Spells                   Type           Power      Damage    Failure   Level
 Call Imp                 Summ           14%        N/A       6%          2
 Call Canine Familiar     Summ           14%        N/A       12%         3
 Summon Guardian Golem    Hex/Summ       8%         N/A       26%         3
 Summon Lightning Spire   Summ/Air       8%         N/A       65%         4


Dungeon Overview and Level Annotations

Branches:
Dungeon (1/15)

Altars:


Innate Abilities, Weirdness & Mutations

You have sharp claws.
You have razor-sharp teeth.
You have supernaturally acute eyesight. (SInv)
You cover ground quickly. (Speed+)
You are covered in fur. (AC +1)
Your paws help you pounce on unaware monsters.
You are incapable of wielding weapons or throwing items.
You cannot wear armour.
You gain extra lives every three experience levels.


Message History

The jackal bites your rat but does no damage.
Your rat barely misses the jackal.
The jackal bites your rat.
You scratch the jackal but do no damage.
You bite the jackal.
The jackal is lightly wounded.
Your rat closely misses the jackal.
The jackal barely misses your rat. The jackal closely misses you.
Unknown command.
You miss the jackal.
The jackal is lightly wounded.
The jackal bites your rat.
Your rat dies!
Your rat's corpse disappears in a puff of smoke!
The jackal closely misses you. The jackal bites your quokka.
Unknown command.
You barely miss the jackal.
The jackal is lightly wounded.
The jackal barely misses you.
Your quokka closely misses the jackal.
The jackal bites your quokka.
Unknown command.
The jackal barely misses your quokka.
Your quokka barely misses the jackal.
The jackal closely misses you.
You scratch the jackal.
The jackal is heavily wounded.
The jackal bites your quokka. x2
Your quokka dies!
Your quokka's corpse disappears in a puff of smoke!
The jackal closely misses you.
Unknown command.
The jackal closely misses you.
You open the door.
A ball python comes into view.
The ball python hisses angrily.
The jackal barely misses you.
You closely miss the ball python. The jackal bites you.
The ball python closely misses you. The ball python grabs you.
The ball python constricts you.
* * * LOW HITPOINT WARNING * * *
The jackal bites you.
You die...

#....# #....##.# #.#.# #....#
#....##.# #.#.# #....#####
###....##.# #.#.# #.##.....#
#......##.# #.#.. #.##.....#
#.......#.# #.##.
#.##.....###.......#.#####.#..
#.##.....h..hh####(#.#........
#.##.....####h# .#.#.###....
#+##.....# #@# .#.#........
####### #S# #.####..... ...
#...##.#### ..... #.####.#
....... #......# ........#
######.# .........# ###
..........#


You could see 3 jackals and a ball python.

Vanquished Creatures (collateral kills)
  A bat (D:1)
  A goblin (D:1)
  A jackal (D:1)
3 creatures vanquished.

Notes
Turn   | Place    | Note
-------+----------+-------------------------------------------
     0 | D:1      | ragingrage the Felid Summoner began the quest for the Orb.
     0 | D:1      | Reached XP level 1. HP: 7/7 MP: 4/4
   246 | D:1      | Slain by a jackal

Illustrated notes

Levels and vault maps discovered:
D:1:      kennysheep_arrival_forest, layout_basic,
          shapermc_ecumenical_altar_pompeii, st_stairs_8, lemuel_another_geyser

Action                   || total
-------------------------++-------
Melee: Unarmed           ||    11
       Bite              ||     2
 Cast: Summon Small Mamm ||    10
Armor: Skin              ||     2
Dodge: Dodged            ||    18

Table legend: (Time is in decaauts)
 A = Elapsed time spent in this place.
 B = Non-inter-level travel time spent in this place.
 C = Inter-level travel time spent in this place.
 D = Time resting spent in this place.
 E = Time spent auto-exploring this place.
 F = Levels seen in this place.
 G = Mean time per level.
                   A        B        C        D        E       F      G
               +--------+--------+--------+--------+--------+-----+--------+
         Total |    214 |    214 |      0 |     16 |    131 |   1 |  214.0 |
       Dungeon |    214 |    214 |      0 |     16 |    131 |   1 |  214.0 |
               +--------+--------+--------+--------+--------+-----+--------+

Top non-repeatable levels by time:
     D:1: 214 daAuts
